 Dungeon Crawl Stone Soup version 0.31.0-11-ge490571c62 (webtiles) character file.

Game seed: 12216403191951377433

27 qw the Shooter (level 2, 0/14 HPs)
             Began as a Spriggan Hunter on Feb 4, 2024.
             Succumbed to their own poison gas
             ... on level 1 of the Dungeon.
             The game lasted 00:00:02 (445 turns).

qw the Shooter (Spriggan Hunter)                     Turns: 445, Time: 00:00:02

Health: 0/14       AC:  3    Str:  7    XL:     2   Next: 93%
Magic:  3/3        EV: 19    Int: 10    God:
Gold:   39         SH:  0    Dex: 18    Spells: 1/1 levels left

rFire   . . .        a - +1 shortbow
rCold   . . .        (shield currently unavailable)
rNeg    . . .        c - +0 robe
rPois   .            d - +1 hat
rElec   .            (no cloak)
rCorr   .            (gloves unavailable)
SInv    +            (boots unavailable)
Will    .....        (no amulet)
Stlth   ++           (no ring)
HPRegen 0.22/turn    (no ring)
MPRegen 0.08/turn

%: no passive effects
@: lethally poisoned (0 -> -1), very quick
A: very small, no large weapons, unfitting armour, see invisible, speed 3
a: no special abilities


You were on level 1 of the Dungeon.
You visited 1 branch of the dungeon, and saw 1 of its levels.

You collected 39 gold pieces.


Innate Abilities, Weirdness & Mutations

You are very small and have problems with some larger weapons.
You are too small for most types of armour.
You have supernaturally acute eyesight. (SInv)
You cover ground extremely quickly. (Speed+++)


   Skills:
 - Level 1.5 Fighting
 + Level 4.3 Ranged Weapons
 - Level 4.0 Dodging
 - Level 1.5 Stealth


You had one spell level left.
You didn't know any spells.
Your spell library was empty.

Inventory:

Hand Weapons
 a - a +1 shortbow (weapon)
Armour
 c - a +0 robe (worn)
 d - a +1 hat (worn)
Potions
 h - a potion of cancellation {unknown}

Dungeon Overview and Level Annotations

Branches:
Dungeon (1/15)

Altars:


Message History

f - a potion of brilliance Done exploring.
434 ||| DROPPING scroll of butterflies.
You drop a scroll of butterflies.
Done exploring.
435 ||| DROPPING potion of brilliance.
You drop a potion of brilliance.
Done exploring.
What level of the Dungeon? (default 1, ? - help) Sorry, I don't know how to get there.
Enter note:
Enter note:
Enter note:
Enter note:
Enter note:
Enter note:
Enter note:
Enter note:
Enter note: You are engulfed in poison gas.
You are lethally poisoned!
You feel very sick.
437 ||| Stepping ~*~*~tactically~*~*~ (cloud).
You feel sick.
Things that are here:
a potion of brilliance; a scroll of butterflies
There is a lethal amount of poison in your body!
You feel very sick.
There is a lethal amount of poison in your body!
You feel sick.
There is a lethal amount of poison in your body!
You feel sick.
There is a lethal amount of poison in your body!
You feel sick.
There is a lethal amount of poison in your body!
You feel sick.
There is a lethal amount of poison in your body!
You feel sick.
There is a lethal amount of poison in your body!
You feel sick.
There is a lethal amount of poison in your body!
You die...

#.........# ####
######.#######.# #...
#¤..000#0)00##.# #...
#0###00#¤0.00#.# #..#
#.0000000...0#.# ##..#
###0.00000000#.# ##....
#.0..000...#.###..#.#
#..00¤0¤¤#.#.....##.#
##.#@..00#.###.####.#
####+#0###.#.....# #.#
#....0...#.#.....# #[#
#...0¤.#0#.#....## #..
#..¤000#0#.#....# ##.
#.0.0.0#.#.#....######.
#.¤.>0¤.............###
#.0000.0............+..
#......##.)..####...###


There were no monsters in sight!

Vanquished Creatures
  4 ball pythons (D:1)
  4 endoplasms (D:1)
  2 goblins (D:1)
  5 hobgoblins (D:1)
  4 bats (D:1)
  A frilled lizard (D:1)
  2 kobolds (D:1)
  A rat (D:1)
23 creatures vanquished.

Notes
Turn   | Place    | Note
-------+----------+-------------------------------------------
     0 | D:1      | qw the Spriggan Hunter began the quest for the Orb.
     0 | D:1      | Reached XP level 1. HP: 10/10 MP: 2/2
     0 | D:1      | 0 ||| qw: Version: 0.3-a-160-g6735b56
     0 | D:1      | 0 ||| qw: Game counter: 4938
     0 | D:1      | 0 ||| qw: Melee chars always use a shield: true
     0 | D:1      | 0 ||| qw: God list: Okawaru
     0 | D:1      | 0 ||| qw: Allow faded altars: false
     0 | D:1      | 0 ||| qw: Do Orc after clearing Dungeon:15 true
     0 | D:1      | 0 ||| qw: Do second Lair branch before Depths: true
     0 | D:1      | 0 ||| qw: Lair rune preference: random
     0 | D:1      | 0 ||| qw: Goals: Normal
     0 | D:1      | 0 ||| PLANNING D:1-11
    10 | D:1      | Reached skill level 3 in Dodging
   126 | D:1      | Reached XP level 2. HP: 14/14 MP: 3/3
   420 | D:1      | 420 ||| UPGRADING to +1 hat.
   425 | D:1      | 425 ||| READING scroll labelled HES XE HEADAIN.
   429 | D:1      | 429 ||| READING scroll labelled NOIH KADEMNUOG.
   430 | D:1      | 430 ||| READING scroll labelled DYODGH ARIMAIPP.
   431 | D:1      | 431 ||| READING scroll labelled JUSMIW DYRCHE.
   432 | D:1      | 432 ||| READING scroll labelled POAPHA NUYM.
   432 | D:1      | 432 ||| ENCHANTING +0 shortbow.
   433 | D:1      | 433 ||| READING scroll labelled VANUKA RYRI.
   433 | D:1      | 433 ||| IDENTIFYING metallic black potion
   434 | D:1      | 434 ||| DROPPING scroll of butterflies.
   435 | D:1      | 435 ||| DROPPING potion of brilliance.
   437 | D:1      | 437 ||| Stepping ~*~*~tactically~*~*~ (cloud).
   442 | D:1      | HP: 3/14 [poisoned by you (poison gas)]
   444 | D:1      | HP: 1/14 [poisoned by you (poison gas)]
   445 | D:1      | Succumbed to their own poison gas

Levels and vault maps discovered:
D:1:      ebering_trefoil_3fold, layout_basic, minmay_octomino_e4

Skill      XL: |  1  2 |
---------------+-------+-----
Dodging        | 3 4 |  4.0
Fighting       | |  1.5
Ranged Weapons | |  4.3
Stealth        | |  1.5

Action                     || total
---------------------------++-------
   Fire: Shortbow          ||    42
    Use: Scroll            ||     6
 Armour: Robe              ||     2
  Dodge: Dodged            ||    13

Table legend:
 A = Non-vault XP
 B = Vault XP
 C = Vault XP percentage of total XP
 D = Non-vault monster count
 E = Vault monster count
 F = Vault count percentage of total count
                 A         B        C        D         E       F
            +---------+---------+-------+---------+---------+-------
      Total |      29 |      10 |  25.6 |      17 |       6 |  26.1
            +---------+---------+-------+---------+---------+-------
        D:1 |      29 |      10 |  25.6 |      17 |       6 |  26.1
            +---------+---------+-------+---------+---------+-------
